 Dungeon Sprint DCSS version 0.17-a0-1830-g81820eb (webtiles) character file.

66101 nuthulu the Warrior (level 14, -3/106 HPs)
             Began as a Gargoyle Fighter on Sept 13, 2015.
             Was the Champion of Trog.
             Killed from afar by a crystal guardian (29 damage)
             ... with a crystal bolt
             ... in the Dungeon (Sprint III: "The Ten Rune Challenge").
             The game lasted 00:20:02 (5088 turns).

nuthulu the Warrior (Gargoyle Fighter)              Turns: 5088, Time: 00:20:03

Health: -3/106     AC: 34    Str: 25    XL:     14   Next: 0%
Magic:  4/4        EV:  8    Int:  9    God:    Trog [******]
Gold:   1561       SH: 17    Dex: 19    Spells: 0 memorised, 13 levels left

rFire  . . .     SeeInvis .     v - +6 eveningstar (antimagic)
rCold  + . .     Clarity  +     G - +1 plate armour of Qiklot {rElec MR- rCorr Str+4}
rNeg   + . .     SustAt   +     c - +0 shield
rPois  ∞         Gourm    .     E - +2 hat
rElec  +         Spirit   .     (no cloak)
rCorr  +         Warding  .     (no gloves)
rMut   .         NoTele   +     (no boots)
MR     ++...                    (no amulet)
Stlth  ..........               J - ring "Xoisintise" {rC+ AC+3 Dex+4 Stlth-}
                                F - ring of sustain attributes

@: regenerating, very resistant to hostile enchantments, extremely unstealthy
A: big wings, agile 1, clarity, mutation resistance 1, negative energy
resistance 1, electricity resistance, unbreathing, petrification resistance, rot
immunity, AC +9
a: Fly, Burn Spellbooks, Berserk, Trog's Hand, Brothers in Arms, Renounce
Religion
}: 2/10 runes: decaying, serpentine


You were in the Dungeon.
You worshipped Trog.
Trog was exalted by your worship.
You were not hungry.

You visited 1 branch You collected 3062 gold pieces.
You spent 1501 gold pieces at shops.

Inventory:

Hand weapons
 a - a +0 flail
 t - a +2 morningstar of protection
 u - a +2 antimagic rapier
 v - a +6 antimagic eveningstar (weapon)
 x - the +7 demon whip of Trog's Anger {freeze, rElec rF- Stlth+}
   (Trog gifted it to you in the Dungeon)

   It has been specially enchanted to freeze those struck by it, causing extra
   injury to most foes and up to half again as much damage against particularly
   susceptible opponents.
   It can also slow down cold-blooded creatures.
   It makes you vulnerable to fire.
   It insulates you from electricity.
   It makes you more stealthy.
 y - the +6 mace of Etojem {flame, rPois MR+ Str+2 SInv}
   (Trog gifted it to you in the Dungeon)

   It has been specially enchanted to burn those struck by it, causing extra
   injury to most foes and up to half again as much damage against particularly
   susceptible opponents.
   It affects your strength (+2).
   It protects you from poison.
   It affects your resistance to hostile enchantments.
   It lets you see invisible.
 z - a +2 antimagic demon whip
 A - a +6 flail of holy wrath
 B - a +5 antimagic flail
 C - a +0 flail of holy wrath
 D - the +4 morningstar of the Peculiar Orbs {drain, rC+ Str+4}
   (Trog gifted it to you in the Dungeon)

   A truly terrible weapon, it drains the life of those it strikes.
   It affects your strength (+4).
   It protects you from cold.
Missiles
 d - 8 needles of frenzy
 l - 10 throwing nets (quivered)
Armour
 b - a +0 scale mail
 c - a +0 shield (worn)
 w - a +0 plate armour
 E - a +2 hat (worn)
 G - the +1 plate armour of Qiklot (worn) {rElec MR- rCorr Str+4}
   (You bought it in a shop in the Dungeon)

   It affects your strength (+4).
   It insulates you from electricity.
   It affects your resistance to hostile enchantments.
   It protects you from acid and corrosion.
Jewellery
 F - a ring of sustain attributes (left hand)
 J - the ring "Xoisintise" (right hand) {rC+ AC+3 Dex+4 Stlth-}
   (You bought it in a shop in the Dungeon)

   [ring of protection]

   It affects your AC (+3).
   It affects your dexterity (+4).
   It protects you from cold.
   It makes you less stealthy.
Magical devices
 h - a wand of flame (6)
 I - a wand of frost (25)
Scrolls
 k - a scroll of blinking
 n - a scroll of immolation {unknown}
 o - 13 scrolls of identify
 p - 3 scrolls of remove curse
 s - a scroll of holy word {unknown}
Potions
 f - a potion of curing
 g - 4 potions of heal wounds
 i - 2 potions of magic
 m - a potion of resistance {unknown}
 q - 2 potions of cure mutation
 r - 3 potions of flight
Comestibles
 e - a bread ration
 j - 19 royal jellies
 H - 5 fruits


   Skills:
 + Level 19.5 Fighting
 + Level 18.0 Maces & Flails
 + Level 19.5 Armour
 + Level 19.5 Shields


You had 13 spell levels left.
You didn't know any spells.

Dungeon Overview and Level Annotations

Branches:
Dungeon (1/1)

Altars:
Cheibriados
Dithmenos
Elyvilon
Fedhas
Gozag
Kikubaaqudgha
Makhleb
Nemelex Xobeh
Okawaru
Qazlal
Ru
Sif Muna
Trog
Vehumet
Xom
Yredelemnul
Zin
The Shining One
Jiyva
Lugonu

Shops:
D =(?=(%}!%=%}:([:!?%


Innate Abilities, Weirdness & Mutations

You are resistant to torment.
Your stone body is resilient (AC +9).
You are immune to poison.
Your large and strong wings let you fly indefinitely.
You resist negative energy.
You are resistant to electric shocks.
You can survive without breathing.
You are immune to petrification.
You are immune to rotting.
You are agile. (Dex +2)
You possess an exceptional clarity of mind.
You are somewhat resistant to further mutation.


Message History

Your wings grow larger and stronger.
The crystal guardian fires a crystalline bolt at you.
The crystal bolt burns you!
* * * LOW HITPOINT WARNING * * *
Drink which item? (? for menu, Esc to quit)
You feel much better.
The crystal guardian fires a crystalline bolt at you.
The crystal bolt freezes your iron troll.
Your iron troll resists.
The crystal bolt freezes you! You resist.
* * * LOW HITPOINT WARNING * * *
The crystal guardian hits your iron troll!!
Your iron troll bites the crystal guardian but does no damage.
Your iron troll claws the crystal guardian!!
Your iron troll claws the crystal guardian but does no damage.
The crystal guardian fires a crystalline bolt at you.
The crystal bolt burns your iron troll.
Your iron troll resists.
The crystal bolt burns you!
You die...

####..##.#[PP........+
...÷..##.#.P.....########
.....###.#.....###.∩⌠⌠∩.#
###### #.#)).###.#.∩⌠⌠∩.#
.....###.#§###§§.#.∩∩∩∩.#
....).##.#+#§§§.§#.∩∩∩∩.#
####).##.#.§§§§§§#......#
....))##.#..§§§§.###++###
.....###.§§..§§§@#.⌠..⌠.#
################T#§.....#
......# .#.#.#.#88§.....#
.†....# ....8.8.§.§.....#
####### .........§§.....#
##+##############


You could see 2 crystal guardians and a friendly iron troll (berserk).

Vanquished Creatures
  Rupert (D)
  Dowan (D)
  A greater naga (D)
  Maud (D)
  A dire elephant (D)
  A naga warrior (D)
  3 hydras (D)
  7 anacondas (D)
  Erolcha (D)
  4 death yaks (D)
  A skeletal warrior (D)
  A spectral hydra (D)
  3 death drakes (D)
  A lindwurm (D)
  3 orc sorcerers (D)
  A crystal guardian (D)
  7 black mambas (D)
  A guardian serpent (D)
  2 spiny frogs (D)
  Duvessa (D)
  An orange crystal statue (D)
  A komodo dragon (D)
  A fire drake (D)
  A deep elf priest (D)
  4 spriggan defenders (D)
  3 wandering mushrooms (D)
  8 blink frogs (D)
  3 orc high priests (D)
  A queen bee (D)
  A trapdoor spider (D)
  3 redbacks (D)
  A shadow (D)
  2 hill giants (D)
  2 nagas (D)
  4 water moccasins (D)
  A spatial vortex (D)
  3 orc warriors (D)
  A swamp drake (D)
  A necrophage (D)
  3 swamp dragon skeletons (D)
  3 two-headed ogres (D)
  2 brain worms (D)
  A water elemental (D)
  32 killer bees (D)
  An electric eel (D)
  An orc wizard (D)
  A jelly (D)
  Jessica (D)
  A necromancer (D)
  2 orc priests (D)
  A wizard (D)
  A wolf (D)
  3 humans (D)
  A kobold demonologist (D)
  3 adders (D)
  An ooze (D)
  7 orcs (D)
  2 rats (D)
  A plant (D)
152 creatures vanquished.

Vanquished Creatures (collateral kills)
  Gastronok (D)
  A dire elephant (D)
  3 anacondas (D)
  A crystal guardian (D)
  2 elephants (D)
  A trapdoor spider (D)
  A redback (D)
  A water moccasin (D)
  An adder (D)
12 creatures vanquished.

Vanquished Creatures (others)
  2 draconian scorchers (D)
  2 yaktaurs (D)
  An orc priest (D)
  A giant eyeball (D)
  2 orcs (D)
  10 plants (D)
18 creatures vanquished.

Grand Total: 182 creatures vanquished

Notes
Turn   | Place    | Note
--------------------------------------------------------------
     0 | D        | nuthulu the Gargoyle Fighter began the quest for the Orb.
     0 | D        | Reached XP level 1. HP: 14/14 MP: 1/1
     8 | D        | Reached skill level 4 in Shields
    46 | D        | Noticed Jessica
    48 | D        | Reached XP level 2. HP: 20/20 MP: 2/2
    55 | D        | Killed Jessica
    55 | D        | Reached XP level 3. HP: 24/24 MP: 3/3
    75 | D        | Noticed a wolf
    93 | D        | Killed a wolf
    93 | D        | Reached skill level 5 in Fighting
    93 | D        | Reached skill level 5 in Armour
    93 | D        | Reached skill level 5 in Shields
   173 | D        | Killed a yaktaur
   311 | D        | Killed a white draconian scorcher
   398 | D        | Reached XP level 4. HP: 27/31 MP: 4/4
   461 | D        | Gained mutation: You expend magic power (3 MP) to strengthen your wands. [potion of mutation]
   461 | D        | Gained mutation: Your body sometimes deteriorates upon taking damage. [potion of mutation]
   461 | D        | Gained mutation: Your body often deteriorates upon taking damage. [potion of mutation]
   462 | D        | Lost mutation: Your body often deteriorates upon taking damage. [potion of cure mutation]
   462 | D        | Lost mutation: Your body sometimes deteriorates upon taking damage. [potion of cure mutation]
   462 | D        | Lost mutation: You expend magic power (3 MP) to strengthen your wands. [potion of cure mutation]
   463 | D        | Gained mutation: You are agile. (Dex +2) [potion of mutation]
   463 | D        | Gained mutation: You possess an exceptional clarity of mind. [potion of mutation]
   463 | D        | Gained mutation: You are somewhat resistant to further mutation. [potion of mutation]
   479 | D        | Noticed a water elemental
   487 | D        | Killed a water elemental
   487 | D        | Reached skill level 6 in Fighting
   487 | D        | Reached skill level 5 in Maces & Flails
   487 | D        | Reached XP level 5. HP: 32/36 MP: 5/5
   525 | D        | Found an iron altar of Okawaru.
   525 | D        | Found a bloodstained altar of Trog.
   525 | D        | Noticed a human
   527 | D        | Noticed a human
   538 | D        | Killed a human
   538 | D        | Reached skill level 7 in Fighting
   538 | D        | Reached XP level 6. HP: 41/44 MP: 6/6
   542 | D        | Killed a white draconian scorcher
   548 | D        | Killed a human
   548 | D        | Reached skill level 8 in Fighting
   567 | D        | Became a worshipper of Trog the Wrathful
   674 | D        | Killed a yaktaur
   704 | D        | Found a radiant altar of Vehumet.
   704 | D        | Found a deep blue altar of Sif Muna.
   704 | D        | Found an ancient bone altar of Kikubaaqudgha.
   704 | D        | Noticed a wizard
   706 | D        | Acquired Trog's first power
   710 | D        | Killed a wizard
   725 | D        | Noticed an orange demon
   769 | D        | Noticed a neqoxec
   775 | D        | Acquired Trog's second power
   775 | D        | Reached XP level 7. HP: 42/50 MP: 7/7
   843 | D        | Found a glowing silver altar of Zin.
   844 | D        | Found a glowing golden altar of the Shining One.
   844 | D        | Found a white marble altar of Elyvilon.
   844 | D        | Noticed a deep elf priest
   850 | D        | Killed a deep elf priest
   850 | D        | Reached skill level 9 in Fighting
   911 | D        | Found a basalt altar of Yredelemnul.
   911 | D        | Found a snail-covered altar of Cheibriados.
   911 | D        | Found a blossoming altar of Fedhas.
   911 | D        | Noticed a necrophage
   911 | D        | Noticed a necromancer
   919 | D        | Killed a necrophage
   924 | D        | Killed a necromancer
   990 | D        | Noticed a jelly
   991 | D        | Noticed a shadow
   995 | D        | Killed a shadow
   995 | D        | Reached skill level 10 in Fighting
   995 | D        | Reached skill level 10 in Armour
   995 | D        | Reached skill level 10 in Shields
   995 | D        | Reached XP level 8. HP: 57/57 MP: 8/8
   998 | D        | Killed a jelly
  1030 | D        | Found a stormy altar of Qazlal.
  1031 | D        | Found a sacrificial altar of Ru.
  1031 | D        | Found a burning altar of Makhleb.
  1031 | D        | Found a viscous altar of Jiyva.
  1031 | D        | Found a shimmering altar of Xom.
  1031 | D        | Found a shadowy altar of Dithmenos.
  1031 | D        | Found a sparkling altar of Nemelex Xobeh.
  1031 | D        | Found a corrupted altar of Lugonu.
  1031 | D        | Found an opulent altar of Gozag.
  1031 | D        | Noticed a spatial vortex
  1042 | D        | Killed a spatial vortex
  1065 | D        | Noticed a two-headed ogre
  1065 | D        | Noticed a two-headed ogre
  1074 | D        | Killed a two-headed ogre
  1078 | D        | Killed a two-headed ogre
  1096 | D        | Noticed a two-headed ogre
  1119 | D        | Killed a two-headed ogre
  1152 | D        | Noticed a hill giant
  1160 | D        | Killed a hill giant
  1213 | D        | Noticed a hill giant
  1213 | D        | Noticed Erolcha
  1222 | D        | Killed a hill giant
  1222 | D        | Acquired Trog's third power
  1223 | D        | Noticed a trapdoor spider
  1223 | D        | Noticed a redback
  1229 | D        | Killed Erolcha
  1229 | D        | Reached skill level 11 in Fighting
  1229 | D        | Reached skill level 10 in Maces & Flails
  1229 | D        | Reached XP level 9. HP: 64/64 MP: 9/9
  1240 | D        | Killed a trapdoor spider
  1241 | D        | Killed a redback
  1457 | D        | Noticed a trapdoor spider
  1469 | D        | Killed a trapdoor spider
  1469 | D        | Reached skill level 12 in Fighting
  1704 | D        | Noticed a wandering mushroom
  1710 | D        | Noticed a wandering mushroom
  1712 | D        | Noticed a wandering mushroom
  1720 | D        | Killed a wandering mushroom
  1752 | D        | Killed a wandering mushroom
  1759 | D        | Killed a wandering mushroom
  1888 | D        | Noticed a killer bee
  1888 | D        | Noticed a killer bee
  1888 | D        | Noticed a killer bee
  1888 | D        | Noticed a killer bee
  1888 | D        | Noticed a killer bee
  1888 | D        | Noticed a killer bee
  1888 | D        | Noticed a killer bee
  1888 | D        | Noticed a queen bee
  1888 | D        | Noticed a killer bee
  1888 | D        | Noticed a killer bee
  1888 | D        | Noticed a killer bee
  1888 | D        | Noticed a killer bee
  1888 | D        | Noticed a killer bee
  1888 | D        | Noticed a killer bee
  1888 | D        | Noticed a killer bee
  1889 | D        | Noticed a killer bee
  1889 | D        | Noticed a killer bee
  1890 | D        | Noticed a killer bee
  1890 | D        | Noticed a killer bee
  1891 | D        | Noticed a killer bee
  1892 | D        | Noticed a killer bee
  1892 | D        | Killed a killer bee
  1893 | D        | Noticed a killer bee
  1893 | D        | Noticed a killer bee
  1894 | D        | Noticed a killer bee
  1894 | D        | Noticed a killer bee
  1895 | D        | Noticed a killer bee
  1897 | D        | Noticed a killer bee
  1898 | D        | Killed a killer bee
  1901 | D        | Noticed a killer bee
  1901 | D        | Killed a killer bee
  1902 | D        | Noticed a killer bee
  1908 | D        | Noticed a killer bee
  1910 | D        | Noticed a killer bee
  1911 | D        | Killed a killer bee
  1911 | D        | Reached XP level 10. HP: 68/72 MP: 10/10
  1914 | D        | Noticed a killer bee
  1916 | D        | Noticed a killer bee
  1916 | D        | Killed a killer bee
  1939 | D        | Killed a killer bee
  1961 | D        | Killed a killer bee
  1968 | D        | Killed a killer bee
  1981 | D        | Killed a killer bee
  1992 | D        | Killed a killer bee
  2012 | D        | Killed a killer bee
  2023 | D        | Killed a killer bee
  2041 | D        | Killed a killer bee
  2041 | D        | Received a gift from Trog
  2045 | D        | Killed a killer bee
  2052 | D        | Killed a killer bee
  2058 | D        | Killed a killer bee
  2073 | D        | Killed a killer bee
  2073 | D        | Reached skill level 13 in Shields
  2085 | D        | Killed a killer bee
  2093 | D        | Killed a killer bee
  2093 | D        | Received a gift from Trog
  2098 | D        | Killed a killer bee
  2100 | D        | Killed a killer bee
  2103 | D        | Killed a killer bee
  2109 | D        | Killed a killer bee
  2121 | D        | Killed a killer bee
  2131 | D        | Killed a killer bee
  2134 | D        | Killed a killer bee
  2141 | D        | Killed a killer bee
  2146 | D        | Killed a killer bee
  2146 | D        | Received a gift from Trog
  2149 | D        | Killed a killer bee
  2153 | D        | Killed a killer bee
  2161 | D        | Killed a killer bee
  2165 | D        | Killed a killer bee
  2168 | D        | Killed a queen bee
  2260 | D        | Noticed a spiny frog
  2260 | D        | Noticed a komodo dragon
  2260 | D        | Noticed a spiny frog
  2268 | D        | Killed a spiny frog
  2270 | D        | Killed a spiny frog
  2275 | D        | Killed a komodo dragon
  2323 | D        | Noticed a swamp drake
  2323 | D        | Noticed a fire drake
  2329 | D        | Killed a swamp drake
  2353 | D        | Killed a fire drake
  2353 | D        | Received a gift from Trog
  2361 | D        | Noticed a blink frog
  2376 | D        | Noticed a redback
  2382 | D        | Killed a redback
  2384 | D        | Noticed a brain worm
  2387 | D        | Killed a brain worm
  2387 | D        | Reached skill level 14 in Shields
  2390 | D        | Noticed a brain worm
  2393 | D        | Killed a brain worm
  2397 | D        | Noticed a lindwurm
  2399 | D        | Noticed a redback
  2403 | D        | Killed a lindwurm
  2403 | D        | Reached XP level 11. HP: 57/80 MP: 3/11
  2405 | D        | Killed a redback
  2455 | D        | Noticed a redback
  2459 | D        | Killed a redback
  2461 | D        | Noticed Maud
  2477 | D        | Killed Maud
  2477 | D        | Received a gift from Trog
  2491 | D        | Got a polished demon whip {god gift}
  2492 | D        | Identified the +7 demon whip of Trog's Anger {freeze, rElec rF- Stlth+} (Trog gifted it to you in the Dungeon)
  2662 | D        | Noticed a blink frog
  2662 | D        | Noticed a blink frog
  2663 | D        | Noticed a blink frog
  2663 | D        | Noticed a blink frog
  2667 | D        | Killed a blink frog
  2673 | D        | Killed a blink frog
  2677 | D        | Killed a blink frog
  2681 | D        | Killed a blink frog
  2687 | D        | Killed a blink frog
  2734 | D        | Noticed Rupert
  2743 | D        | Killed Rupert
  2743 | D        | Received a gift from Trog
  2743 | D        | Reached skill level 15 in Fighting
  2743 | D        | Reached skill level 15 in Armour
  2743 | D        | Reached skill level 15 in Shields
  2746 | D        | Got a faintly glowing mace {god gift}
  2779 | D        | Identified the +6 mace of Etojem {flame, rPois MR+ Str+2 SInv} (Trog gifted it to you in the Dungeon)
  2795 | D        | Noticed a death yak
  2796 | D        | Noticed a death yak
  2796 | D        | Noticed a blink frog
  2797 | D        | Noticed a blink frog
  2798 | D        | Noticed a death yak
  2799 | D        | Noticed a blink frog
  2801 | D        | Noticed a death yak
  2803 | D        | Killed a death yak
  2809 | D        | Killed a death yak
  2813 | D        | Killed a death yak
  2813 | D        | Reached XP level 12. HP: 88/88 MP: 12/12
  2818 | D        | Killed a death yak
  2818 | D        | Reached skill level 16 in Fighting
  2821 | D        | Killed a blink frog
  2821 | D        | Received a gift from Trog
  2858 | D        | Killed a blink frog
  2876 | D        | Noticed an azure jelly
  2876 | D        | Noticed an azure jelly
  2890 | D        | Killed a blink frog
  2893 | D        | Noticed a black mamba
  2894 | D        | Noticed a black mamba
  2897 | D        | Killed a black mamba
  2902 | D        | Killed a black mamba
  2902 | D        | Reached skill level 15 in Maces & Flails
  2961 | D        | Noticed a swamp dragon skeleton
  2967 | D        | Killed a swamp dragon skeleton
  3044 | D        | Noticed an electric eel
  3046 | D        | Noticed an eight-headed hydra
  3046 | D        | Noticed a six-headed hydra
  3057 | D        | Killed a six-headed hydra
  3063 | D        | Killed an eight-headed hydra
  3066 | D        | Killed an electric eel
  3075 | D        | Noticed a death drake
  3090 | D        | Killed a death drake
  3095 | D        | Noticed a black mamba
  3095 | D        | Noticed an anaconda
  3095 | D        | Noticed a water moccasin
  3095 | D        | Noticed an anaconda
  3095 | D        | Noticed a water moccasin
  3104 | D        | Killed an anaconda
  3104 | D        | Received a gift from Trog
  3107 | D        | Killed a water moccasin
  3123 | D        | Killed an anaconda
  3127 | D        | Killed a black mamba
  3127 | D        | Reached skill level 17 in Fighting
  3131 | D        | Killed a water moccasin
  3152 | D        | Noticed an anaconda
  3152 | D        | Noticed a black mamba
  3166 | D        | Killed an anaconda
  3171 | D        | Killed a black mamba
  3171 | D        | Received a gift from Trog
  3195 | D        | Noticed an anaconda
  3195 | D        | Noticed a black mamba
  3195 | D        | Noticed an anaconda
  3195 | D        | Noticed an anaconda
  3195 | D        | Noticed a water moccasin
  3195 | D        | Noticed an anaconda
  3196 | D        | Noticed an anaconda
  3207 | D        | Killed an anaconda
  3207 | D        | Received a gift from Trog
  3211 | D        | Killed an anaconda
  3211 | D        | Killed an anaconda
  3218 | D        | Killed an anaconda
  3221 | D        | Killed a black mamba
  3221 | D        | Killed a water moccasin
  3221 | D        | Received a gift from Trog
  3267 | D        | Killed an anaconda
  3267 | D        | Reached XP level 13. HP: 85/97 MP: 13/13
  3349 | D        | Noticed an anaconda
  3349 | D        | Noticed a water moccasin
  3349 | D        | Noticed an anaconda
  3349 | D        | Noticed a black mamba
  3349 | D        | Noticed a black mamba
  3350 | D        | Noticed a water moccasin
  3360 | D        | Killed an anaconda
  3365 | D        | Killed an anaconda
  3365 | D        | Received a gift from Trog
  3368 | D        | Killed a black mamba
  3377 | D        | Killed a black mamba
  3384 | D        | Killed a water moccasin
  3394 | D        | Killed a water moccasin
  3492 | D        | Noticed a naga
  3492 | D        | Noticed a naga
  3493 | D        | Noticed a naga warrior
  3493 | D        | Noticed a greater naga
  3532 | D        | Killed a naga warrior
  3532 | D        | Received a gift from Trog
  3532 | D        | Reached skill level 18 in Fighting
  3534 | D        | Killed a naga
  3542 | D        | Killed a greater naga
  3547 | D        | Killed a naga
  3616 | D        | Found Jolaenef's Jewellery Shop.
  3616 | D        | Found Woiwegunk's Antique Weapon Shoppe.
  3636 | D        | Found Foolao's Food Boutique.
  3672 | D        | Noticed a guardian serpent
  3676 | D        | Killed a guardian serpent
  3676 | D        | Received a gift from Trog
  3691 | D        | Got a serpentine rune of Zot
  3828 | D        | Found Giakhott's Gadget Emporium.
  3828 | D        | Noticed an orc sorcerer
  3829 | D        | Noticed an orc warrior
  3832 | D        | Noticed an orc warrior
  3832 | D        | Noticed an orc sorcerer
  3838 | D        | Killed an orc sorcerer
  3840 | D        | Killed an orc warrior
  3843 | D        | Noticed an orc priest
  3844 | D        | Killed an orc warrior
  3847 | D        | Noticed an orc warrior
  3849 | D        | Killed an orc sorcerer
  3853 | D        | Received a gift from Trog
  3854 | D        | Noticed an orc wizard
  3858 | D        | Noticed an orc sorcerer
  3858 | D        | Noticed an orc priest
  3861 | D        | Killed an orc priest
  3866 | D        | Killed an orc wizard
  3871 | D        | Killed an orc sorcerer
  3872 | D        | Received a gift from Trog
  3876 | D        | Killed an orc priest
  3883 | D        | Killed an orc warrior
  4018 | D        | Noticed an azure jelly
  4018 | D        | Noticed an azure jelly
  4020 | D        | Noticed an elephant
  4020 | D        | Noticed an elephant
  4020 | D        | Noticed a dire elephant
  4020 | D        | Noticed a dire elephant
  4020 | D        | Noticed Gastronok
  4025 | D        | Killed a dire elephant
  4029 | D        | Killed an elephant
  4032 | D        | Killed a dire elephant
  4035 | D        | Killed an elephant
  4043 | D        | Killed Gastronok
  4043 | D        | Received a gift from Trog
  4046 | D        | Got an ivory morningstar {god gift}
  4047 | D        | Identified the +4 morningstar of the Peculiar Orbs {drain, rC+ Str+4} (Trog gifted it to you in the Dungeon)
  4314 | D        | Noticed a death drake
  4314 | D        | Noticed a swamp dragon skeleton
  4315 | D        | Noticed a swamp dragon skeleton
  4327 | D        | Killed a death drake
  4328 | D        | Noticed a death drake
  4335 | D        | Killed a swamp dragon skeleton
  4348 | D        | Killed a death drake
  4355 | D        | Killed a swamp dragon skeleton
  4368 | D        | Found Ovish's Jewellery Shoppe.
  4368 | D        | Found Gomafuun's Antique Weapon Boutique.
  4368 | D        | Found Doocs's Magic Scroll Emporium.
  4394 | D        | Noticed a five-headed hydra
  4394 | D        | Noticed a spectral four-headed hydra
  4400 | D        | Killed a five-headed hydra
  4400 | D        | Reached skill level 19 in Fighting
  4407 | D        | Killed a spectral four-headed hydra
  4416 | D        | Got a decaying rune of Zot
  4435 | D        | Bought an uncursed ring of sustain attributes for 210 gold pieces
  4529 | D        | Noticed Dowan
  4529 | D        | Noticed Duvessa
  4559 | D        | Killed Duvessa
  4570 | D        | Killed Dowan
  4597 | D        | Noticed an orc high priest
  4597 | D        | Noticed an orc high priest
  4656 | D        | Killed an orc priest
  4667 | D        | Killed an orc high priest
  4667 | D        | Received a gift from Trog
  4671 | D        | Killed an orc high priest
  4682 | D        | Noticed an orc high priest
  4693 | D        | Killed an orc high priest
  4760 | D        | Noticed a yaktaur
  4768 | D        | Noticed a skeletal warrior
  4773 | D        | Killed a skeletal warrior
  4794 | D        | Noticed an orange crystal statue
  4797 | D        | Noticed a spriggan defender
  4798 | D        | Noticed a spriggan defender
  4798 | D        | Noticed a spriggan defender
  4798 | D        | Noticed a spriggan defender
  4808 | D        | Killed a spriggan defender
  4819 | D        | Killed a spriggan defender
  4836 | D        | Killed a spriggan defender
  4842 | D        | Killed a spriggan defender
  4842 | D        | Received a gift from Trog
  4962 | D        | Killed an orange crystal statue
  4978 | D        | Found Zugroir's Book Emporium.
  4978 | D        | Found Voolaite's Antique Armour Shop.
  4978 | D        | Found Jygatwy's Food Boutique.
  4978 | D        | Found Guelaqer's Food Shoppe.
  4978 | D        | Found Oddepeq's Gadget Boutique.
  4978 | D        | Found Eraes's Antique Weapon Emporium.
  4978 | D        | Found Podaic's Jewellery Shoppe.
  4978 | D        | Found Uwuy's Magic Scroll Shop.
  4978 | D        | Found Punef's Food Shop.
  4978 | D        | Found Qedyghi's Distillery.
  4978 | D        | Found Ciuhoh's Distillery.
  4978 | D        | Found Ahamel's Book Boutique.
  5013 | D        | Bought a jewelled plate armour for 476 gold pieces
  5023 | D        | Identified the +1 plate armour of Qiklot {rElec MR- rCorr Str+4} (You bought it in a shop in the Dungeon)
  5028 | D        | Bought a potion of heal wounds for 60 gold pieces
  5031 | D        | Bought the ring "Xoisintise" {rC+ AC+3 Dex+4 Stlth-} for 588 gold pieces
  5034 | D        | Bought a potion of heal wounds for 70 gold pieces
  5043 | D        | Bought a scroll of enchant weapon for 97 gold pieces
  5073 | D        | Noticed a crystal guardian
  5073 | D        | Noticed a crystal guardian
  5073 | D        | Noticed a crystal guardian
  5073 | D        | Noticed a crystal guardian
  5083 | D        | Killed a crystal guardian
  5086 | D        | Killed a crystal guardian
  5086 | D        | Gained mutation: Your large and strong wings let you fly indefinitely. [Gargoyle growth]
  5086 | D        | Reached XP level 14. HP: 36/106 MP: 4/14
  5088 | D        | Killed from afar by a crystal guardian

Vault maps used:
D:        dungeon_sprint_mu

Action                   |  1- 3 |  4- 6 |  7- 9 | 10-12 | 13-15 || total
-------------------------+-------+-------+-------+-------+-------++-------
Melee: Flail             |    37 |    62 |   126 |   175 |       ||   400
       Morningstar       |       |       |       |    93 |       ||    93
       Eveningstar       |       |       |       |    32 |   169 ||   201
       Demon whip        |       |       |       |   166 |   122 ||   288
Invok: Burn Spellbooks   |       |     1 |       |       |       ||     1
       Berserk           |       |       |     5 |     5 |     1 ||    11
       Trog's Hand       |       |       |     7 |    18 |     8 ||    33
       Brothers in Arms  |       |       |     1 |     1 |     2 ||     4
  Use: Potion            |     1 |     6 |       |       |     1 ||     8
       Scroll            |       |     1 |       |       |     1 ||     2
 Stab: Confused          |       |       |       |     2 |       ||     2
  Eat: Royal jelly       |       |     1 |       |     4 |     3 ||     8
       Chunk             |       |       |     7 |     2 |     3 ||    12
       Bread ration      |       |       |     1 |       |       ||     1
